 Dungeon Sprint DCSS version 0.26.1-10-gdfb7c7de75 (webtiles) character file.

Game seed: 14656297749221544391

425 phalm the Covert (level 6, -3/35 HPs)
             Began as a Spriggan Artificer on Apr 8, 2021.
             Was an Initiate of Gozag.
             Slain by Sonja
             ... wielding a +2 dagger of distortion
              (14 damage)
             ... in the Dungeon (Sprint I: "Red Sonja").
             The game lasted 00:02:23 (342 turns).

phalm the Covert (Spriggan Artificer)                Turns: 342, Time: 00:02:24

Health: -3/35      AC:  2    Str:  8    XL:     6   Next: 64%
Magic:  7/7        EV: 27    Int: 12    God:    Gozag
Gold:   5          SH:  0    Dex: 19    Spells: 5/5 levels left

rFire    . . .     SeeInvis +   b - +0 dagger
rCold    . . .     Faith    .   (shield restricted)
rNeg     . . .     Spirit   .   l - +0 robe
rPois    .         Reflect  .   (helmet restricted)
rElec    .         Harm     .   (no cloak)
rCorr    .         Rampage  .   (gloves unavailable)
Will     +....     NoTele   +   (boots unavailable)
Stlth    +++++.....             (no amulet)
HPRegen  0.11/turn              (no ring)
MPRegen  0.10/turn              (no ring)

@: slowed, quick
A: very small, unfitting armour, see invisible, speed 3
a: Renounce Religion, Potion Petition, Call Merchant, Bribe Branch


You were in the Dungeon.
You worshipped Gozag.
Gozag was noncommittal.
You visited 1 branch You collected 324 gold pieces.
You spent 319 gold pieces at shops.

Inventory:

Hand Weapons
 a - a +0 fustibalus of freezing
 b - a +0 dagger (weapon)
Armour
 l - a +0 robe (worn)
Wands
 c - a wand of flame (18) (quivered)
 d - a wand of enslavement (14)
 e - a wand of random effects (15)
Scrolls
 k - a scroll of blinking
Potions
 g - a potion of heal wounds
 h - a potion of haste
 i - 2 potions of magic
 j - a potion of berserk rage


   Skills:
 + Level 5.4 Fighting
 + Level 6.2 Short Blades
 + Level 0.0 Slings
 + Level 9.9 Dodging
 + Level 10.2 Stealth
 + Level 9.5 Evocations


You had 5 spell levels left.
You didn't know any spells.
Your spell library was empty.

Dungeon Overview and Level Annotations

Branches:
Dungeon (1/1)

Altars:
Cheibriados
Dithmenos
Elyvilon
Fedhas
Gozag
Hepliaklqana
Kikubaaqudgha
Nemelex Xobeh
Okawaru
Qazlal
Ru
Sif Muna
Trog
Uskayaw
Vehumet
Wu Jian
Yredelemnul
Zin
The Shining One

Shops:
D (

Annotations:
D Sonja


Innate Abilities, Weirdness & Mutations

You are very small and have problems with some larger weapons.
You are too small for most types of armour.
You have supernaturally acute eyesight. (SInv)
You cover ground extremely quickly.


Message History

Space warps horribly around you!
* * * LOW HITPOINT WARNING * * *
You feel better.
Sonja shouts, "Too slow!"
Sonja misses you.
Sonja hits you with a +2 dagger of distortion.
Sonja completely misses you. x2
Sonja hits you with a +2 dagger of distortion.
Sonja completely misses you.
You hit Sonja.
Sonja is severely wounded.
Sonja barely misses you.
Sonja hits you with a +2 dagger of distortion. x2
Aiming: Throw Flame
Press: ? - help, Shift-Dir - straight line, f/p - Sonja
Aim: Sonja, wielding a +2 dagger of distortion (severely wounded, 63% to evade)
The puff of flame misses Sonja.
Sonja completely misses you. Sonja hits you but does no damage.
Space warps horribly around you!
You die...
Your body crumbles into a pile of gold.

################
#<.#..'..#.)'..# $$
$ #..)).#..'..#..+
$$ $
#..#####'#####'# $
#..####..#...#.# ##§
$
#..#__####..##.#§§§§
$$
#..#_____##'#K@+§§§§
#⌠⌠#_.∩..†'.(._#§§§§
$$ ####_..__##_(#+#
+# $$#_____###'# $
####### #.# $ $.$ $$
$$ $ $.$ $ $ ##.## $
$#+#$ $ $


You could see Sonja.

Vanquished Creatures
  Sigmund (D)
  A yak (D)
  An ogre (D)
  A jelly (D)
  Ijyb (D)
5 creatures vanquished.

Notes
Turn   | Place    | Note
-------+----------+-------------------------------------------
     0 | D        | phalm the Spriggan Artificer began the quest for the Orb.
     0 | D        | Reached XP level 1. HP: 9/9 MP: 2/2
     1 | D        | Noticed Ijyb
     5 | D        | Killed Ijyb
     6 | D        | Reached skill level 5 in Dodging
     6 | D        | Reached skill level 4 in Stealth
     6 | D        | Reached skill level 5 in Evocations
     6 | D        | Reached XP level 2. HP: 3/15 MP: 3/3
   237 | D        | Noticed an ogre
   244 | D        | Killed an ogre
   245 | D        | Reached skill level 6 in Stealth
   245 | D        | Reached XP level 3. HP: 20/20 MP: 4/4
   245 | D        | Reached XP level 4. HP: 24/24 MP: 5/5
   260 | D        | Noticed Sigmund
   263 | D        | Killed Sigmund
   264 | D        | Reached skill level 5 in Short Blades
   264 | D        | Reached skill level 8 in Stealth
   264 | D        | Reached XP level 5. HP: 30/30 MP: 6/6
   276 | D        | Found an ornate altar of the Wu Jian Council.
   276 | D        | Found a shimmering blue altar of Sif Muna.
   278 | D        | Found a radiant altar of Vehumet.
   283 | D        | Reached skill level 9 in Stealth
   283 | D        | Reached XP level 6. HP: 35/35 MP: 7/7
   309 | D        | Found Demiw's Weapon Emporium.
   309 | D        | Found an ancient bone altar of Kikubaaqudgha.
   309 | D        | Found a hazy altar of Hepliaklqana.
   309 | D        | Found a hide-covered altar of Uskayaw.
   309 | D        | Found a basalt altar of Yredelemnul.
   309 | D        | Found an opulent altar of Gozag.
   309 | D        | Found a snail-covered altar of Cheibriados.
   309 | D        | Found a sacrificial altar of Ru.
   309 | D        | Found a shadowy altar of Dithmenos.
   309 | D        | Noticed a yak
   310 | D        | Found a stormy altar of Qazlal.
   310 | D        | Found a blossoming altar of Fedhas.
   310 | D        | Found a bloodstained altar of Trog.
   310 | D        | Found an iron altar of Okawaru.
   310 | D        | Found a glowing golden altar of the Shining One.
   310 | D        | Found a glowing silver altar of Zin.
   310 | D        | Found a white marble altar of Elyvilon.
   311 | D        | Killed a yak
   312 | D        | Reached skill level 5 in Fighting
   312 | D        | Reached skill level 10 in Stealth
   312 | D        | Found a sparkling altar of Nemelex Xobeh.
   315 | D        | Became a worshipper of Gozag Ym Sagoz the Greedy
   319 | D        | Bought a +0 fustibalus of freezing for 319 gold pieces
   331 | D        | Noticed Sonja
   342 | D        | Slain by Sonja

Illustrated notes

Levels and vault maps discovered:
D:        dungeon_sprint_1 [red_sonja_temple_1, red_sonja_temple_small_1]

Skill      XL: |  1  2  3  4  5  6 |
---------------+-------------------+-----
Fighting       | 2 3 4 5 |  5.4
Dodging        | 5 7 8 9 |  9.9
Stealth        | 4 6 8 9 10 | 10.2
Evocations     | 5 6 8 9 |  9.5
Short Blades   | 3 5 6 |  6.2

Action                   |  1- 3 |  4- 6 || total
-------------------------+-------+-------++-------
Melee: Dagger            |     1 |     4 ||     5
Evoke: Wand              |     7 |     7 ||    14
  Use: Potion            |       |     1 ||     1
 Stab: Betrayed ally     |     1 |       ||     1
       Sleeping          |       |     3 ||     3
Armor: Robe              |       |     1 ||     1
Dodge: Dodged            |     1 |    16 ||    17
